Workbook
Name \a: #N/A
Name \b: #N/A
Name \c: #N/A
Name \d: #N/A
Name \e: #N/A
Name \f: #N/A
Name \g: #N/A
Name \h: #N/A
Name \i: #N/A
Name \j: #N/A
Name \k: #N/A
Name \l: #N/A
Name \m: #N/A
Name \n: #N/A
Name \o: #N/A
Name \p: #N/A
Name \q: #N/A
Name \r: #N/A
Name \s: #N/A
Name \t: #N/A
Name \u: #N/A
Name \v: #N/A
Name \w: #N/A
Name \x: #N/A
Name \y: #N/A
Name \z: #N/A
Name ｄatabase: [1]契約台帳ＤＢ!#REF!
Name ｄatabase: [1]契約台帳ＤＢ!#REF!
Name ｄatabase: [1]契約台帳ＤＢ!#REF!
Name ｄatabase: [1]契約台帳ＤＢ!#REF!
Name ｄatabase: [1]契約台帳ＤＢ!#REF!
Name ｄatabase: [1]契約台帳ＤＢ!#REF!
Name PRINT_AREA_MI: #REF!
Name PRINT_AREA_MI: #REF!
Name PRINT_AREA_MI: #REF!
Name PRINT_AREA_MI: #REF!
Name PRINT_AREA_MI: #REF!
Name Record1: [2]!Record1
Name Record1: [2]!Record1
Name Record1: [2]!Record1
Name Record3: [2]!Record3
Name Record3: [2]!Record3
Name Record3: [2]!Record3
Name Record4: [2]!Record4
Name Record4: [2]!Record4
Name Record4: [2]!Record4
Name あ: #REF!
Name あ: #REF!
Name あ: #REF!
Name あ: #REF!
Name あ: #REF!
Name い: #REF!
Name い: #REF!
Name い: #REF!
Name い: #REF!
Name い: #REF!
Name う: #REF!
Name う: #REF!
Name う: #REF!
Name う: #REF!

Sheet 提出一覧表
B1: 令和3年度障害者支援施設等における新型コロナウイルス感染症対策強化事業
B2: 実績報告提出書類一覧
B4: ☆ 本表は、「事業者チェック欄」にチェックのうえ、提出書類の最前面に添付してください。 ☆エクセルデータは、メール件名・ファイル名を都内施設は「都内・XX-XXXX・〇〇福祉園【感染対策実績報告】 都外施設は「都外・XX-XXXX・〇〇福祉園【感染対策実績報告】」にしてください。
B6: 実績報告書（提出期限１回：令和３年２月１０日まで、２回：令和３年４月９日まで）消印有効 | G6: ↓提出前に確認！
C8: 様式及び添付書類 | F8: 確認してください | G8: 事業者 ﾁｪｯｸ欄 | H8: 都 ﾁｪｯｸ欄
C9: ア | D9: 実績報告書 | E9: 別記第３号様式 (捨印を押したもの） | F9: ①法人住所・法人名・代表者名は印鑑証明書の記載と完全一致している ②捨印を押してある ③日付を記載してある。（1月28日以降の日付）
C10: イ | D10: 実績調書 | E10: 別紙３-１ | F10: ①上段2か所、下段4か所に✔をいれてある ②A4横1枚で印刷
C11: ウ | D11: 実績調書 | E11: 別紙３-２ | F11: ①PCR検査実施の施設のみ提出
C12: エ | D12: 歳入歳出決算抄本 | E12: 別紙３－３ （捨印を押したもの） | F12: ①法人の実印（印鑑証明書と同一の印）で押印 ②歳入合計と歳出合計の金額が一致していること③別紙3－１対象経費の実支出額と一致していることを確認 ④捨印を押してある | H12: =IF('別紙1-3決算予定書抄本'!S25='別紙1-3決算予定書抄本'!S44,"","エラー：歳入と歳出の合計欄が一致しません")
C13: オ | D13: 請求書 | E13: 別記第４号様式 （捨印を押したもの） | F13: ①A4横1枚で印刷 ②捨印を押してある ③日付は空欄
C14: カ | D14: 支払金口座振替依頼書 | E14: 捨印を押したもの | F14: ①サービス推進費を受け取っている施設については、サービス推進費の登録口座を記載してください。 ②印鑑証明書と払込口座名義が違う場合、委任状を提出してください。
C15: キ | D15: 印鑑証明書 | E15: 直近3ヶ月のもの | F15: ①３号様式の法人住所、法人名は、こちらに合わせてください。 ×3丁目 → 〇三丁目
C16: ク | D16: 委任状 | F16: 印鑑証明書と払込口座名義が違う場合、委任状を提出してください。
C17: ケ | D17: １～５ | E17: エクセルファイル1式を送付した。 | F17: メールで送付 件名・ファイル名両方を「都内or都外・XX-XXXX・〇〇福祉園【感染対策実績報告】」にする。 メール本文 郵送投函日を記載してください。 例：投函日・令和3年2月5日
F18: service.siensisetu.tyousa@section.metro.tokyo.jp
D19: 区立・都立施設は、6桁のサービス推進費の番号は不要です。
D20: 領収書等管理簿を用い、領収書、レシート、払込書の管理・保管を確実に行ってください。
E21: サービス推進費施設番号
E22: 法人名
E23: 事業所名
E24: 事業種別

Sheet 提出書類一覧
A1: 令和5年度障害者支援施設等における新型コロナウイルス感染症対策強化事業
A2: 補助金交付申請提出書類一覧
A4: ☆ 本表は、「事業者チェック欄」にチェックのうえ、提出書類の最前面に添付してください。 ☆メール件名及びエクセルファイル名を「都内or都外・XX-XXXX・〇〇福祉園【感染対策交付申請】」にしてください。
A6: 交付申請書（提出期限：令和６年２月２９日（木曜日）まで）消印有効 | F6: ↓提出前に全て揃っていることを確認！
B8: 様式及び添付書類 | E8: 摘要 | F8: 事業者 ﾁｪｯｸ欄 | G8: 都 ﾁｪｯｸ欄
B9: 1 | C9: 交付申請書 | D9: 別記第１号様式 | E9: ・法人の実印（印鑑証明書と同一の印）で押印 ・A4縦1枚で印刷 | F9: 〇
B10: 2 | C10: 積算調書 | D10: 別紙1-1 | E10: ・上段2か所に✔をいれる ・A4横1枚で印刷 | F10: 〇
B11: 3 | C11: PCR検査実施計画 | D11: 別紙1-2 | E11: ・A4横1枚で印刷 | F11: 〇
B12: 4 | C12: 歳入歳出予算抄本 | D12: 別紙1-3 | E12: ・法人の実印（印鑑証明書と同一の印）で押印 ・歳入合計と歳出合計の金額が一致していることを確認 ・A4縦一枚で印刷 | F12: 〇
B13: 5 | C13: 誓約書 | D13: 別紙1-4 | E13: ・法人の実印（印鑑証明書と同一の印）で押印 ・A4縦1枚で印刷 | F13: 〇
B14: 6 | C14: 印鑑証明書 | D14: 直近３か月のもの | E14: ・第１号様式の法人住所、法人名、代表者職氏名は印鑑証明書の記載と同じであることを確認 （例）×３－１－１６ → ○三丁目１番１６号 | F14: 〇
B15: 7 | C15: １～５ | D15: エクセルファイル1式 | E15: メールで送付 件名・ファイル名を「都内or都外・XX-XXXX・〇〇福祉園【感染対策交付申請】」にする。 | F15: 〇
E16: service.siensisetu.tyousa@section.metro.tokyo.jp
D18: サービス推進費施設番号 | E18: 45-9999
D19: 法人名 | E19: 社会福祉法人東京の会
D20: 事業所名 | E20: 東京学園
D21: 事業種別 | E21: 障害者支援施設

Sheet 様式1号
A1: 別記第１号様式 | T1: 5東発第４００号
L2: 捨 | T2: 45350
L3: 印
B5: 東京都知事 殿
M6: 提出者
N7: 所在地 | P7: 東京都新宿区二丁目８番
N8: 法人名 | P8: 社会福祉法人東京の会
N9: 代表者職氏名 | Q9: 理事長 東京 太郎
A12: 令和３年度障害者支援施設等における新型コロナウイルス感染症対策強化事業
A13: 補助金の交付申請について
B15: このことについて、下記のとおり提出いたします。
A17: 記
B19: １ 申請額 | G19: 金 | H19: ='別紙1-1 積算調書'!$G$9 -> 400000
B21: ２ 事業所名 | G21: 東京学園
B23: ３ 事業種別 | G23: 障害者支援施設
B25: ４ 添付資料
B26: ア 積算調書（別紙１－１）
B27: イ 実施計画（別紙１－２）
B28: ウ 歳入歳出予算書抄本（別紙１－３）
B29: エ 誓約書（別紙１－4）
B30: オ 印鑑証明書
M33: 担 当 者
M34: 部署名 | Q34: 総務部
M35: 氏名 | Q35: 東京 次郎
M36: 連絡先電話番号 | Q36: 03-5320-XXXX
M37: e-mail | Q37: XXXX@XXXX.jp

Sheet 別紙1-1 積算調書
A1: 別紙１－１
E2: （法人名） | F2: =様式1号!P8 -> 社会福祉法人東京の会
E3: （事業所名） | F3: =様式1号!G21 -> 東京学園
E4: （事業種別） | F4: =様式1号!G23 -> 障害者支援施設
B5: 積算調書 | E5: （入所定員数） | F5: 20
F6: ※都外施設については、都民の入所する定員
A8: 区分 | B8: 対象経費の 実支出予定額 （円） （Ａ） | C8: 寄附金その他の 収入額 （円） （Ｂ） | D8: 差引後 実支出予定額 （円） （Ｃ＝Ａ－Ｂ） | E8: 補助基準額 （円） （Ｄ） | F8: ＣとＤを比較して 少ない方の額 （円） （Ｅ） | G8: 申請額 （円） （Ｆ＝Ｅ×10/10） (千円未満切捨）
A9: 1.PCR等検査等の実施 | B9: 400800 | C9: 0 | D9: =B9-C9 -> 400800 | E9: =F5*20000 -> 400000 | F9: =IF(MIN(D9,E9)=0,"",MIN(D9,E9)) -> 400000 | G9: =IFERROR(ROUNDDOWN(F9,-3),"") -> 400000

Sheet 別紙１－２実施計画
A1: 別紙１－２
E2: （法人名） | F2: =様式1号!P8 -> 社会福祉法人東京の会
E3: （事業所名） | F3: =様式1号!G21 -> 東京学園
E4: （事業種別） | F4: =様式1号!G23 -> 障害者支援施設
B5: 実施計画(PCR検査） | E5: （入所定員数） | F5: ='別紙1-1 積算調書'!F5 -> 20
F6: ※都外施設については、都民の入所する定員
B9: 1．PCR等検査を実施する見込み人数
B10: 〇入所者（入所に際して実施した場合を除く） | C10: 20 | D10: 人
B11: 〇新規入所者 | D11: 人
B13: ２．対象者の選定（複数回答）
B14: ①入所者全員に対して１回実施
B15: ②入所者全員に対して複数回実施 | D15: 回
B16: ③入所者一部に対して１回実施
B17: ④入所者一部に対して複数回実施 | D17: 回
B19: ２－１．上記２で③④「入所者一部」を選択した場合、該当する項目を以下から選択してください。
B20: ①発熱等の症状がある入所者に対し実施
B21: ②新規入所に際して実施
B22: ③退院・一時帰宅からの再入所に際して実施
B23: ④感染が発生し、行政検査の対象者以外の入所者に実施
B24: ⑤その他 | C24: 内容
B26: ３．検査方法（複数回答）
B27: ①PCR検査（鼻咽頭）
B28: ②PCR検査（唾液） | M28: 株式会社抗加齢医学研究所あおぞら検査センター（港区新橋）
B29: ③抗原検査（鼻咽頭） | M29: 一般財団法人材料科学技術振興財団（世田谷区喜多見）
B30: ④抗原検査（唾液） | M30: ジェノプランジャパン株式会社（福岡市西区）
M31: 株式会社日本微生物研究所（仙台市宮城野区）
B32: ４．検体の採取方法（複数回答） | M32: 株式会社エスレコ南多摩公衆衛生センター（八王子市別所）
B33: ①医師が施設にて採取 | M33: 株式会社エムビックらいふ環境分析センター（府中市四谷）
B34: ②医師の協力を得て、本人や施設職員が検体を採取 | M34: 株式会社江東微生物研究所（江戸川区西小岩）
B35: ③医療機関で検体を採取 | M35: ジェネシスヘルスケア株式会社衛生検査所（渋谷区恵比寿）
B36: ④本人や施設職員のみで検体を採取 | M36: 新型コロナウイルス検査センター株式会社（市川市国府台）
B37: ⑤その他 | C37: 内容 | M37: 一般財団法人東京保健会病体生理研究所（板橋区大谷口上町）
M38: 株式会社ナチュラリ東京PCR衛生検査所（港区南青山）
B39: ５．協力検査機関の活用の有無 | M39: 株式会社早川予防衛生研究所（新宿区北新宿）
B40: ①あり | D40: ①の場合選択 | M40: 株式会社Human Investor東京衛生検査所（文京区白山）
B41: ②なし | M41: 株式会社プロップジーン衛生検査所（杉並区高円寺北）
M42: 株式会社マイクロスカイラボ（葛飾区東金町）
M43: 株式会社町田予防衛生研究所（町田市原町田）
M44: 株式会社みらい（所沢市緑町）

Sheet 別紙1-3決算予定書抄本
B1: 別紙1-３ | AK1: （法人名） | AL1: =様式1号!P8 -> 社会福祉法人東京の会
R2: 捨 | AK2: （事業所種別） | AL2: =様式1号!G23 -> 障害者支援施設 | BH2: 障害者支援施設（都内）
R3: 印 | AK3: （事業所名） | AL3: =様式1号!G21 -> 東京学園 | BH3: 障害者支援施設（都外）
A5: 歳入歳出決算予定書抄本
B8: １ 歳入の部
BA9: （単位：円）
D10: 区 分 | S10: 決算予定額 | AJ10: 備 考
D11: 新型コロナウイルス感染症対策強化事業補助金 | S11: ='別紙1-1 積算調書'!G9 -> 400000 | BG11: 新型コロナウイルス感染症対策強化事業補助金
D12: 自己資金 | S12: ='別紙1-1 積算調書'!B9-'別紙1-1 積算調書'!G9 -> 800 | BG12: 自己資金
D25: 合 計 | S25: =SUM(S11:S24) -> 400800
B27: ２ 歳出の部
D29: 区 分 | S29: 決算予定額 | AJ29: 備 考
D30: 1.PCR検査等の実施 | S30: ='別紙1-1 積算調書'!D9 -> 400800 | BG30: 1.PCR検査等の実施
D44: 合 計 | S44: =SUM(S30:AI43) -> 400800 | AJ44: =IF(S25=S44,"","歳入と歳出の合計欄が一致しません")
D45: =IF('別紙1-1 積算調書'!#REF!=S44,"","警告 ↑別紙３－１実績調書対象経費の実支出額と一致しません") -> #REF!
C47: 本書は、原本と相違ないことを証明します。
D49: =様式1号!T2 -> 45350
E51: 法人名 | J51: =様式1号!P8 -> 社会福祉法人東京の会
E53: 代表者名 | K53: =様式1号!Q9 -> 理事長 東京 太郎

Sheet 別紙1-4誓約書
B2: 別紙１－４
B5: 誓約書
B8: 東 京 都 知 事 | C8: 殿
B10: 令和５年度障害者支援施設等における新型コロナウイルス感染症対策強化事業補助金の交付要綱（令和５年１１月６日付５福祉障施第９７５号）第８条の規定に基づく補助金交付申請を行うに当たり、当該申請により補助金等の交付を受けようとする者（法人その他の団体にあっては、代表者、役員又は使用人その他の従業員若しくは構成員を含む。）が東京都暴力団排除条例第２条第２号に規定する暴力団、同条第３号に規定する暴力団員又は同条第４号に規定する暴力団関係者（以下「暴力団員等」という。）に該当せず、かつ将来にわたっても該当しないことをここに誓約いたします。 また、この誓約に違反又は相違があり、同要綱別記２補助条件６（１）オの規定により補助金等の交付の決定の取消しを受けた場合において、同要綱別記２補助条件７の規定に基づき返還を命じられたときは、これに異議なく応じることを誓約いたします。あわせて、知事が必要と認めた場合には、暴力団員等であるか否かの確認のため、警視庁へ照会がなされることに同意いたします。
B13: =様式1号!T2 -> 45350
C16: 所在地
C18: =様式1号!P7 -> 東京都新宿区二丁目８番
C20: 法人名
C22: =様式1号!P8 -> 社会福祉法人東京の会
C24: 代表者職氏名
C26: =様式1号!Q9 -> 理事長 東京 太郎
B29: ＊ 法人その他の団体にあっては、主たる事務所の所在地、名称及び代表者の氏名を記入すること。
B30: ＊ この誓約書における「暴力団関係者」とは、以下の者をいう。
B32: ・ 暴力団又は暴力団員が実質的に経営を支配する法人等に所属する者
B33: ・ 暴力団員を雇用している者
B34: ・ 暴力団又は暴力団員を不当に利用していると認められる者
B35: ・ 暴力団の維持、運営に協力し、又は関与していると認められる者
B36: ・ 暴力団又は暴力団員と社会的に非難されるべき関係を有していると認められる者

Sheet 都集計用
A1: サービス推進費番号 | B1: 部署名 | C1: 氏名 | D1: 電話 | E1: メール | F1: 文書番号 | G1: 日付 | H1: 法人名 | I1: 事業所名 | J1: 事業種別 | K1: 入所定員区分 | L1: 入所定員数 | M1: 実支出額 A | N1: 寄附額 B | O1: 差引支出額 C | P1: 基準額 D | Q1: E | R1: F | S1: 交付額 G | T1: ３－１ 実績報告額 | U1: 申請額 ４号様式 | V1: 別紙３－１ | W1: 1．PCR検査等を実施する見込み人数 | Z1: ２．対象者の選定（複数回答） | AW1: ３．検査方法（複数回答） | BE1: ４．検体の採取方法（複数回答） | BK1: ５．協力検査機関の活用の有無 | BM1: ５．協力検査機関の活用の有無 | BQ1: 別紙１－1 | BS1: 衛生 | BU1: 包括支援金 | BX1: サービス継続支援事業 | CA1: その他
V2: ① | W2: 入所者（入所に際して実施した場合を除く） | X2: 新規入所者 | Y2: 職員等 | Z2: 入所者全員に対して１回実施 | AA2: 入所者全員に対して複数回実施 | AB2: 回数 | AC2: 入所者一部に対して１回実施 | AD2: 入所者一部に対して複数回実施 | AE2: 回数 | AF2: 職員全員に対して１回実施 | AG2: 職員全員に対して複数回実施 | AH2: 回数 | AI2: 職員一部に対して１回実施 | AJ2: 職員一部に対して複数回実施 | AK2: 回数 | AL2: 発熱等の症状がある入所者に対し実施 | AM2: 新規入所に際して実施 | AN2: 退院・一時帰宅からの再入所に際して実施 | AO2: 感染が発生し、行政検査の対象者以外の入所者に実施 | AP2: その他 | AQ2: 内容 | AR2: 発熱等の症状がある職員に対し実施 | AS2: 感染が発生し、行政検査の対象者以外の職員に実施 | AT2: 家族等が濃厚接触者等となった職員 | AU2: その他 | AV2: 内容 | AW2: (利)PCR検査（鼻咽頭） | AX2: (利)PCR検査（唾液） | AY2: (利)抗原検査（鼻咽頭） | AZ2: (利)抗原検査（唾液） | BA2: (職)PCR検査（鼻咽頭） | BB2: (職)PCR検査（唾液） | BC2: (職)抗原検査（鼻咽頭） | BD2: (職)抗原検査（唾液） | BE2: ① | BF2: ② | BG2: ③ | BH2: ④ | BI2: ⑤ | BJ2: 内容 | BK2: あり | BL2: なし | BM2: 1社目 | BN2: 2社目 | BO2: 3社目 | BP2: 4社目 | BQ2: ✔１段 | BR2: ✔２段 | BS2: 申請中 | BT2: 申請していない | BU2: 申請中 | BV2: 申請していない | BW2: 申請予定 | BX2: 申請中 | BY2: 申請していない | BZ2: 申請予定 | CA2: 申請中 | CB2: 申請していない | CC2: 申請予定
A3: =提出書類一覧!E18 -> 45-9999 | B3: =様式1号!Q34 -> 総務部 | C3: =様式1号!Q35 -> 東京 次郎 | D3: =様式1号!Q36 -> 03-5320-XXXX | E3: =様式1号!Q37 -> XXXX@XXXX.jp | F3: =様式1号!T1 -> 5東発第４００号 | G3: =様式1号!T2 -> 45350 | H3: =様式1号!P8 -> 社会福祉法人東京の会 | I3: =様式1号!G21 -> 東京学園 | J3: =様式1号!G23 -> 障害者支援施設 | K3: ='別紙1-1 積算調書'!F5 -> 20 | L3: ='別紙1-1 積算調書'!F6 -> ※都外施設については、都民の入所する定員 | M3: ='別紙1-1 積算調書'!B9 -> 400800 | N3: ='別紙1-1 積算調書'!C9 -> 0 | O3: ='別紙1-1 積算調書'!D9 -> 400800 | P3: ='別紙1-1 積算調書'!E9 -> 400000 | Q3: ='別紙1-1 積算調書'!F9 -> 400000 | R3: ='別紙1-1 積算調書'!G9 -> 400000 | W3: ='別紙１－２実施計画'!$C$10 -> 20 | X3: ='別紙１－２実施計画'!$C$11 -> 0 | Y3: ='別紙１－２実施計画'!#REF! -> #REF! | Z3: FALSE | AA3: FALSE | AB3: ='別紙１－２実施計画'!C15 -> 0 | AC3: TRUE | AD3: FALSE | AE3: ='別紙１－２実施計画'!C15 -> 0 | AF3: FALSE | AG3: FALSE | AH3: ='別紙１－２実施計画'!#REF! -> #REF! | AI3: FALSE | AJ3: FALSE | AK3: ='別紙１－２実施計画'!#REF! -> #REF! | AL3: FALSE | AM3: FALSE | AO3: FALSE | AP3: FALSE | AQ3: ='別紙１－２実施計画'!$D$24 -> 0 | AR3: FALSE | AS3: FALSE | AT3: FALSE | AU3: FALSE | AV3: ='別紙１－２実施計画'!$H$23 -> 0 | AW3: FALSE | AX3: TRUE | AY3: FALSE | AZ3: FALSE | BA3: FALSE | BB3: TRUE | BC3: FALSE | BD3: FALSE | BE3: FALSE | BF3: FALSE | BG3: TRUE | BH3: FALSE | BI3: FALSE | BJ3: ='別紙１－２実施計画'!$D$37 -> 0 | BK3: FALSE | BL3: TRUE | BM3: ='別紙１－２実施計画'!$E$40 -> 0 | BN3: ='別紙１－２実施計画'!$G$40 -> 0 | BO3: ='別紙１－２実施計画'!$E$41 -> 0 | BP3: ='別紙１－２実施計画'!$G$41 -> 0 | BQ3: TRUE | BR3: TRUE
AE4: .
